 Dungeon Sprint DCSS version 0.30-a0-824-g6c64550be9 (webtiles) character file.

Game seed: 6306828019208444669

9400000 BigDaddyOpFi the Intangible (level 27, -77/228 HPs)
             Began as a Djinni Warper on Feb 27, 2023.
             Was the Champion of Makhleb.
             Annihilated by a meat berserker
             ... wielding a +9 battleaxe
              (81 damage)
             ... in the Dungeon (Sprint VIII: "Arena of Blood").
             The game lasted 00:02:24 (94 turns).

BigDaddyOpFi the Intangible (Djinni Warper)           Turns: 94, Time: 00:02:24

Health: -77/228    AC:  6    Str: 10    XL:     27
Gold:   0          EV: 35    Int: 18    God:    Makhleb [******] SH:  0 Dex: 24

rFire   + + .      SeeInvis +    h - +∞ Axe of Woe
rCold   x . .      Faith    .    (shield currently unavailable)
rNeg    . . .      Spirit   .    a - +0 leather armour
rPois   ∞          Reflect  .    (no helmet)
rElec   .          Harm     .    (no cloak)
rCorr   .          Rampage  .    (no gloves)
Will    ++...      NoTele   +    (boots unavailable)
Stlth   ++++++++++               (no amulet)
HPRegen 0.58/turn                i - ring of see invisible
MPRegen 0.00/turn                (no ring)

@: marked, flying
A: sickness immunity, fire resistance 2, cold vulnerability 1, float, innate
caster, HP casting, extra vitality 1
a: Renounce Religion, Minor Destruction, Lesser Servant of Makhleb, Major
Destruction, Greater Servant of Makhleb


You were in the Dungeon.
You worshipped Makhleb.
Makhleb was exalted by your worship.
You visited 1 branch

Inventory:

Hand Weapons
 h - the +∞ Axe of Woe (weapon)
   (You found it in the Dungeon)
Missiles
 c - 7 boomerangs of dispersal (quivered)
Armour
 a - a +0 leather armour (worn)
Jewellery
 i - a ring of see invisible (left hand)
Scrolls
 b - a scroll of blinking
Potions
 d - a potion of curing
 e - a potion of heal wounds
 f - a potion of haste
 g - a potion of berserk rage


   Skills:
 O Level 27 Fighting
 O Level 27 Short Blades
 O Level 27 Long Blades
 O Level 27 Axes
 O Level 27 Maces & Flails
 O Level 27 Polearms
 O Level 27 Staves
 O Level 27 Ranged Weapons
 O Level 27 Throwing
 O Level 27 Armour
 O Level 27 Dodging
 O Level 27 Stealth
 O Level 27 Shields
 O Level 27 Unarmed Combat
 O Level 27 Spellcasting
 O Level 27 Invocations
 O Level 27 Evocations


You knew the following spells:

 Your Spells              Type           Power      Damage    Failure   Level
a - Blink                 Tloc           100%       N/A       0%          2
b - Lesser Beckoning      Tloc           100%       N/A       0%          2
c - Vhi's Electric Charg  Tloc/Air       100%       N/A       0%          3
d - Teleport Other        Tloc           88%        N/A       0%          3
e - Manifold Assault      Tloc           88%        N/A       0%          4
f - Kiss of Death         Conj/Necr      100%       2d13      0%          1
g - Wereblood             Tmut           88%        N/A       0%          2
h - Vampiric Draining     Necr           88%        2d12      0%          3
i - Ignite Poison         Fire/Tmut/Pois 88%        N/A       0%          3
j - Sticky Flame          Conj/Fire      88%        2d10      0%          4
k - Lee's Rapid Deconstr  Erth           44%        3d21*     0%          5
l - Starburst             Conj/Fire      44%        6d12      0%          6
m - Summon Cactus Giant   Summ           44%        N/A       0%          6
n - Simulacrum            Ice/Necr       44%        N/A       0%          6
o - Storm Form            Tmut/Air       44%        N/A       1%          7
p - Maxwell's Capacitive  Air            44%        ∞         1%          8
q - Chain Lightning       Conj/Air       44%        3d58      2%          9
r - Shatter               Erth           44%        3d34*     2%          9
Your spell library was empty.

Dungeon Overview and Level Annotations

Branches:
Dungeon (1/1)

Altars:
Makhleb


Innate Abilities, Weirdness & Mutations

You are immune to sickness and miasma.
You are immune to poison.
Your flesh is very heat resistant. (rF++)
You are vulnerable to cold. (rC-)
You float through the air rather than walking.
You learn spells naturally, not from books.
Your magical power is your life essence.
You have superior vitality. (+4 MHP)


Message History

The meat berserker convulses!
The eight-headed meat hydra convulses!
The bag of meat convulses!
The eight-headed meat hydra convulses!
The bag of meat convulses!
The meat berserker convulses!
The bag of meat convulses!
The meat berserker convulses!
The bag of meat convulses!
The observer convulses!
Your body is wracked with pain!
* * * LOW HITPOINT WARNING * * *
The meat berserker convulses!
The bag of meat convulses!
The destroyer gestures at you while chanting.
The destroyer blinks!
Unknown command.
A meat beast comes into view.
The meat berserker rages.
A bag of meat comes into view. It is wielding a +9 war axe. x2
The destroyer casts a spell at you.
The destroyer blinks!
The meat beast bites you!!
* * * LOW HITPOINT WARNING * * *
The meat beast closely misses you.
The meat beast is engulfed in blazing flames.
You hear a shout!
The accursed gestures at you while chanting.
Something smites you!
* * * LOW HITPOINT WARNING * * *
You hear an explosion!
The destroyer casts a spell at you.
The destroyer blinks!
The observer gazes at you. Something smites you!
* * * LOW HITPOINT WARNING * * *
The eight-headed meat hydra calls on the powers of darkness!
The eight-headed meat hydra convulses!
The bag of meat convulses! x3
The eight-headed meat hydra convulses!
The bag of meat convulses!
The eight-headed meat hydra convulses!
The bag of meat convulses!
The meat berserker convulses!
The bag of meat convulses!
The meat berserker convulses! x2; The bag of meat convulses!
The meat berserker convulses! x2; Your body is wracked with pain!
* * * LOW HITPOINT WARNING * * *
The meat berserker convulses!
The meat berserker hits you with a +9 battleaxe!!!!
You die...

#oO......_......Mo...
......#o....# .Oo.#o#
......#_.<)_# §§W.V.§
.o....#.))..#...§o.#o#○
.....O)._))......o.2§...
....§.)###.....WWD.#.#.#.
..###.V)....###ooG.......
. . #).O....#)2V§§W......
...#)))V...#@O).§.......
.....ooOXOLOX)V.G.....
......o.§)OOWX.#)).#.
.....D..oMDoW)..#....#
.......oL§WD))##))...#
....#...DW.V.#))))..#..o
.....O.o.o)))#)))###...o#
...##.#.§.))..§)))2...#O.o
.......)○)○))......oo....


You could see an accursed, a tentacled monstrosity (summoned), 2 meat beasts, 2
tyrants, 4 eight-headed meat hydras, 3 destroyers, 2 observers, 2 large
abominations, 3 dreads, 6 meat berserkers, 5 wretched souls and 14 bags of meat.

Vanquished Creatures
  Sigmund (D)
  12 hell beasts (D)
  3 royal mummies (D)
  2 great orbs of eyes (D)
  3 wraiths (D)
  Harold (D)
  13 vampire knights (D)
  48 ogres (D)
  8 two-headed ogres (D)
  8 liches (D)
  A hydra (D)
  75 orcs (D)
  3 skeletal warriors (D)
178 creatures vanquished.

Vanquished Creatures (others)
  4 two-headed ogres (D)
  5 orcs (D)
9 creatures vanquished.

Grand Total: 187 creatures vanquished

Notes
Turn   | Place    | Note
-------+----------+-------------------------------------------
     0 | D        | Found the +∞ Axe of Woe
     0 | D        | BigDaddyOpFi the Djinni Warper began the quest for the Orb.
     0 | D        | BigDaddyOpFi set off with the following spells memorised:
                  | Blink, Lesser Beckoning, Vhi's Electric Charge, Teleport
                  | Other, Manifold Assault.
     0 | D        | Reached XP level 1. HP: 18/18 MP: 0/0
     2 | D        | Noticed a bag of meat
     3 | D        | Noticed a bag of meat
     3 | D        | Noticed a bag of meat
     4 | D        | Noticed a meat berserker
     4 | D        | Noticed a bag of meat
     6 | D        | Became a worshipper of Makhleb the Destroyer
     7 | D        | Killed a meat berserker
     7 | D        | Noticed a meat berserker
     8 | D        | Reached skill level 10 in Throwing
     8 | D        | Reached skill level 10 in Spellcasting
     8 | D        | Reached XP level 2. HP: 39/39 MP: 0/0
     8 | D        | Reached XP level 3. HP: 44/44 MP: 0/0
     8 | D        | Learned a level 1 spell: Kiss of Death
     8 | D        | Reached XP level 4. HP: 50/50 MP: 0/0
     8 | D        | Reached XP level 5. HP: 56/56 MP: 0/0
     8 | D        | Learned a level 2 spell: Wereblood
     8 | D        | Reached XP level 6. HP: 62/62 MP: 0/0
     8 | D        | Reached XP level 7. HP: 67/67 MP: 0/0
     8 | D        | Learned a level 3 spell: Vampiric Draining
     8 | D        | Reached XP level 8. HP: 74/74 MP: 0/0
     8 | D        | Reached XP level 9. HP: 79/79 MP: 0/0
     8 | D        | Learned a level 3 spell: Ignite Poison
     8 | D        | Reached XP level 10. HP: 85/85 MP: 0/0
     8 | D        | Reached XP level 11. HP: 91/91 MP: 0/0
     8 | D        | Learned a level 4 spell: Sticky Flame
     8 | D        | Reached XP level 12. HP: 96/96 MP: 0/0
     8 | D        | Noticed a bag of meat
     9 | D        | Killed a bag of meat
     9 | D        | Reached * piety under Makhleb
     9 | D        | Killed a bag of meat
     9 | D        | Killed a bag of meat
     9 | D        | Noticed a bag of meat
     9 | D        | Noticed a bag of meat
     9 | D        | Noticed a bag of meat
    10 | D        | Reached skill level 15 in Fighting
    10 | D        | Reached skill level 15 in Armour
    10 | D        | Reached skill level 15 in Unarmed Combat
    10 | D        | Reached XP level 13. HP: 78/108 MP: 0/0
    10 | D        | Learned a level 5 spell: Lee's Rapid Deconstruction
    10 | D        | Reached XP level 14. HP: 83/114 MP: 0/0
    10 | D        | Killed a meat berserker
    10 | D        | Reached ** piety under Makhleb
    10 | D        | Killed a bag of meat
    10 | D        | Noticed a bag of meat
    10 | D        | Noticed a bag of meat
    10 | D        | Noticed a bag of meat
    11 | D        | Reached XP level 15. HP: 124/124 MP: 0/0
    11 | D        | Learned a level 6 spell: Starburst
    11 | D        | Noticed a large bag of meat
    12 | D        | Reached *** piety under Makhleb
    13 | D        | Reached skill level 15 in Throwing
    13 | D        | Reached skill level 5 in Invocations
    13 | D        | Noticed a meat berserker
    13 | D        | Noticed a meat berserker
    13 | D        | Noticed a meat berserker
    14 | D        | Reached skill level 5 in Axes
    14 | D        | Reached skill level 5 in Stealth
    14 | D        | Reached **** piety under Makhleb
    14 | D        | Noticed a meat berserker
    15 | D        | Reached skill level 15 in Spellcasting
    15 | D        | Reached XP level 16. HP: 135/135 MP: 0/0
    16 | D        | Reached skill level 10 in Invocations
    16 | D        | Reached XP level 17. HP: 95/142 MP: 0/0
    16 | D        | Learned a level 6 spell: Summon Cactus Giant
    16 | D        | Noticed a meat berserker
    16 | D        | Reached ***** piety under Makhleb
    16 | D        | Killed a meat berserker
    17 | D        | Reached skill level 10 in Axes
    17 | D        | Killed a meat berserker
    17 | D        | Noticed a meat berserker
    18 | D        | Reached XP level 18. HP: 155/155 MP: 0/0
    18 | D        | Noticed a destroyer
    18 | D        | Noticed a meat berserker
    19 | D        | Noticed a large bag of meat
    19 | D        | Reached ****** piety under Makhleb
    19 | D        | Killed a meat berserker
    19 | D        | Killed a large bag of meat
    20 | D        | Reached XP level 19. HP: 117/166 MP: 0/0
    20 | D        | Learned a level 6 spell: Simulacrum
    20 | D        | Noticed a large bag of meat
    21 | D        | Reached skill level 15 in Axes
    21 | D        | Killed a large bag of meat
    21 | D        | Killed a destroyer
    21 | D        | Noticed a meat berserker
    22 | D        | Reached XP level 20. HP: 157/175 MP: 0/0
    22 | D        | Noticed a large bag of meat
    22 | D        | Noticed a meat berserker
    23 | D        | Reached skill level 27 in Dodging
    24 | D        | Noticed a meat berserker
    24 | D        | Noticed The Servant
    24 | D        | Noticed a meat berserker
    24 | D        | Killed a large bag of meat
    24 | D        | Noticed a meat berserker
    25 | D        | Reached XP level 21. HP: 182/184 MP: 0/0
    25 | D        | Learned a level 7 spell: Storm Form
    25 | D        | Noticed a meat berserker
    25 | D        | Noticed a meat berserker
    25 | D        | Killed The Servant
    25 | D        | Killed a meat berserker
    25 | D        | Noticed a meat berserker
    26 | D        | Reached skill level 27 in Fighting
    26 | D        | Reached skill level 27 in Armour
    26 | D        | Reached skill level 27 in Unarmed Combat
    26 | D        | Reached XP level 22. HP: 186/194 MP: 0/0
    26 | D        | Killed a meat berserker
    27 | D        | Killed a meat berserker
    27 | D        | Noticed a large bag of meat
    28 | D        | Killed a meat berserker
    28 | D        | Killed a meat berserker
    28 | D        | Killed a meat berserker
    29 | D        | Reached skill level 27 in Throwing
    29 | D        | Reached skill level 27 in Invocations
    29 | D        | Reached XP level 23. HP: 198/201 MP: 0/0
    29 | D        | Learned a level 8 spell: Maxwell's Capacitive Coupling
    29 | D        | Noticed a large bag of meat
    30 | D        | Noticed a destroyer
    31 | D        | Reached skill level 27 in Axes
    31 | D        | Reached skill level 27 in Stealth
    31 | D        | Reached skill level 27 in Spellcasting
    31 | D        | Reached XP level 24. HP: 208/208 MP: 0/0
    31 | D        | Noticed a destroyer
    31 | D        | Noticed a large bag of meat
    32 | D        | Noticed a destroyer
    34 | D        | Reached XP level 25. HP: 214/214 MP: 0/0
    34 | D        | Learned a level 9 spell: Chain Lightning
    36 | D        | Killed a large bag of meat
    37 | D        | Reached skill level 27 in Maces & Flails
    37 | D        | Reached skill level 27 in Polearms
    37 | D        | Reached skill level 15 in Staves
    38 | D        | Reached XP level 26. HP: 218/221 MP: 0/0
    40 | D        | Reached skill level 27 in Staves
    40 | D        | Reached skill level 5 in Short Blades
    40 | D        | Reached skill level 5 in Long Blades
    40 | D        | Reached skill level 5 in Shields
    40 | D        | Reached skill level 5 in Evocations
    40 | D        | Killed a destroyer
    41 | D        | Reached skill level 10 in Ranged Weapons
    41 | D        | Noticed a tyrant
    45 | D        | Killed a tyrant
    46 | D        | Killed a destroyer
    47 | D        | Reached skill level 15 in Shields
    47 | D        | Reached skill level 15 in Evocations
    47 | D        | Reached XP level 27. HP: 228/228 MP: 0/0
    47 | D        | Learned a level 9 spell: Shatter
    49 | D        | Reached skill level 15 in Short Blades
    49 | D        | Reached skill level 15 in Long Blades
    50 | D        | Reached skill level 15 in Ranged Weapons
    55 | D        | Killed a large bag of meat
    57 | D        | Noticed a destroyer
    57 | D        | Killed a large bag of meat
    58 | D        | Noticed a tyrant
    59 | D        | Noticed a large bag of meat
    59 | D        | Noticed a tyrant
    60 | D        | Killed a destroyer
    61 | D        | Noticed a dread
    61 | D        | Killed a tyrant
    61 | D        | Noticed The Captor
    63 | D        | Killed a large bag of meat
    64 | D        | Reached skill level 27 in Shields
    64 | D        | Reached skill level 27 in Evocations
    65 | D        | Noticed a tyrant
    65 | D        | Noticed an accursed
    66 | D        | Killed a tyrant
    67 | D        | Reached skill level 27 in Short Blades
    67 | D        | Reached skill level 27 in Long Blades
    67 | D        | Noticed a meat beast
    68 | D        | Reached skill level 27 in Ranged Weapons
    68 | D        | Killed a large bag of meat
    69 | D        | Killed a tyrant
    69 | D        | Killed a destroyer
    69 | D        | Noticed a meat beast
    70 | D        | Noticed a meat beast
    70 | D        | Killed a dread
    70 | D        | Killed The Captor
    70 | D        | Noticed a tyrant
    71 | D        | Killed a meat beast
    71 | D        | Noticed a destroyer
    71 | D        | Noticed an accursed
    71 | D        | Noticed a tyrant
    71 | D        | Noticed a dread
    72 | D        | Killed a meat beast
    72 | D        | Noticed a meat beast
    72 | D        | Noticed a destroyer
    72 | D        | Noticed an accursed
    72 | D        | Noticed a destroyer
    73 | D        | Killed a meat beast
    74 | D        | Killed a destroyer
    74 | D        | Noticed a meat beast
    75 | D        | Noticed a meat beast
    75 | D        | Noticed a destroyer
    75 | D        | Killed an accursed
    75 | D        | Noticed a large bag of meat
    76 | D        | Killed a tyrant
    76 | D        | Killed a dread
    76 | D        | Killed a destroyer
    76 | D        | Noticed a meat beast
    77 | D        | Noticed a meat beast
    77 | D        | Noticed a dread
    78 | D        | Killed a meat beast
    78 | D        | Noticed a destroyer
    78 | D        | Noticed a tyrant
    78 | D        | Noticed a meat beast
    78 | D        | Noticed a destroyer
    78 | D        | Noticed a large bag of meat
    79 | D        | Killed a meat beast
    79 | D        | Killed a destroyer
    79 | D        | Noticed a meat beast
    79 | D        | Noticed a meat beast
    80 | D        | Killed a tyrant
    80 | D        | Noticed a dread
    80 | D        | Noticed an accursed
    81 | D        | Killed a meat beast
    81 | D        | Killed an accursed
    81 | D        | Noticed a tyrant
    81 | D        | Killed a large bag of meat
    82 | D        | Killed a meat beast
    82 | D        | Killed a meat beast
    82 | D        | Noticed a tyrant
    83 | D        | Killed a destroyer
    83 | D        | Killed an accursed
    84 | D        | Noticed a dread
    84 | D        | Noticed a dread
    84 | D        | Noticed a meat beast
    84 | D        | Noticed a destroyer
    84 | D        | Killed a large bag of meat
    85 | D        | Killed a meat beast
    85 | D        | Killed a meat beast
    85 | D        | Killed a destroyer
    85 | D        | Noticed a dread
    87 | D        | Noticed a destroyer
    87 | D        | Noticed a destroyer
    88 | D        | Killed a tyrant
    88 | D        | Noticed an accursed
    88 | D        | HP: 6/228 [observer/bolt of fire (18)]
    88 | D        | Noticed a destroyer
    89 | D        | Noticed a destroyer
    89 | D        | Killed a destroyer
    90 | D        | Noticed a destroyer
    90 | D        | Killed a meat beast
    90 | D        | Noticed a destroyer
    90 | D        | Killed a large bag of meat
    90 | D        | Noticed a tyrant
    91 | D        | Killed a destroyer
    91 | D        | Killed a meat beast
    91 | D        | Noticed a meat beast
    91 | D        | Noticed a destroyer
    91 | D        | Noticed a tyrant
    92 | D        | Killed a destroyer
    93 | D        | Killed a tyrant
    93 | D        | Killed a dread
    94 | D        | Noticed a meat beast
    94 | D        | Killed a large bag of meat
    94 | D        | HP: 5/228 [observer/divine providence (16)]
    94 | D        | Annihilated by a meat berserker

Illustrated notes

Levels and vault maps discovered:
D:        meatsprint

Skill      XL: |  1  2  3  4  5  6  7  8  9 10 11 12 13 14 15 16 17 18 19 20 21 22 23 24 25 26 27 |
---------------+----------------------------------------------------------------------------------+-----
Fighting       | 12 15 17 19 21 23 24 25 27 | 27.0
Throwing       | 10 13 14 16 18 20 21 22 24 27 | 27.0
Armour         | 12 15 17 18 19 21 23 24 25 27 | 27.0
Dodging        | 13 16 18 20 21 23 25 26 27 | 27.0
Unarmed Combat | 12 15 17 19 21 23 24 25 27 | 27.0
Spellcasting   | 10 12 13 15 17 18 19 20 22 25 27 | 27.0
Axes           | 7 8 12 14 16 17 20 24 27 | 27.0
Stealth        | 8 9 13 16 17 19 21 26 27 | 27.0
Invocations    | 8 10 14 17 19 20 23 27 | 27.0
Maces & Flails | 16 23 27 | 27.0
Polearms       | 16 23 27 | 27.0
Staves         | 21 27 | 27.0
Short Blades   | 14 27 | 27.0
Long Blades    | 14 27 | 27.0
Ranged Weapons | 13 27 | 27.0
Shields        | 15 27 | 27.0
Evocations     | 15 27 | 27.0

Action                     |  1- 3 |  4- 6 |  7- 9 | 10-12 | 13-15 | 16-18 | 19-21 | 22-24 | 25-27 || total
---------------------------+-------+-------+-------+-------+-------+-------+-------+-------+-------++-------
  Melee: Executioner's axe |     1 |       |       |     1 |     5 |     5 |     6 |     7 |    53 ||    78
   Cast: Vhi's Electric Ch |       |       |       |       |     1 |     1 |     4 |     2 |     9 ||    17
    Use: Scroll            |       |       |       |       |       |       |       |       |     1 ||     1
 Armour: Leather armour    |       |       |       |       |       |       |       |       |     4 ||     4
  Dodge: Dodged            |       |       |       |     2 |       |     2 |       |     2 |     9 ||    15

Table legend: (Time is in decaauts)
 A = Elapsed time spent in this place.
 B = Non-inter-level travel time spent in this place.
 C = Inter-level travel time spent in this place.
 D = Time resting spent in this place.
 E = Time spent auto-exploring this place.
 F = Levels seen in this place.
 G = Mean time per level.
                   A        B        C        D        E       F      G
               +--------+--------+--------+--------+--------+-----+--------+
         Total |     86 |     86 |      0 |      0 |      0 |   1 |   86.0 |
       Dungeon |     86 |     86 |      0 |      0 |      0 |   1 |   86.0 |
               +--------+--------+--------+--------+--------+-----+--------+

Top non-repeatable levels by time:
       D: 86 daAuts
